[Event "Titled Tuesday Blitz April 4 Early 2023"]
[White "Rakhmatullaev, Almas"]
[Black "Naroditsky, Daniel"]
[WhiteFideId "14205793"]
[BlackFideId "2026961"]
[WhiteElo "2221"]
[BlackElo "2633"]
[Result "0-1"]
[Round "06"]
[TimeControl "180+2"]
[Date "2023.04.04"]
[WhiteClock "0:00:04"]
[BlackClock "0:00:07"]

1. e4 c5 2. c3 d5 3. exd5 Nf6 4. Nf3 Nxd5 5. d4 cxd4 6. Qxd4 Nc6 7. Bb5 e6 8. O-O Bd7 9. Bxc6 Bxc6 10. Ne5 Qc7 11. Nxc6 Qxc6 12. Nd2 Nf6 13. Nf3 Bc5 14. Qh4 Qe4 15. Bg5 Qxh4 16. Bxh4 Rd8 17. Rad1 Ke7 18. Rfe1 h6 19. Bxf6+ Kxf6 20. Kf1 Ke7 21. Ke2 g5 22. h3 Bb6 23. Ne5 Bc7 24. Nd3 Rd5 25. c4 Rd4 26. Nc5 Rhd8 27. Rxd4 Rxd4 28. Rc1 b6 29. Nb3 Re4+ 30. Kd3 Rf4 31. Rc2 h5 32. Nd4 Kd7 33. Nb5 Bb8 34. Nd4 h4 35. f3 Be5 36. Ne2 Rf6 37. b4 Bc7 38. a4 Rg6 39. c5 bxc5 40. Rxc5 f5 41. Rc4 e5 42. Nc3 Rd6+ 43. Ke2 a6 44. a5 Bd8 45. Rc5 Rc6 46. Rd5+ Ke6 47. Rxd8 Rxc3 48. Ra8 Rc6 49. Rg8 Rc4 50. Rxg5 Rxb4 51. Rg6+ Kd5 52. Rxa6 Rb2+ 53. Kf1 Kd4 54. Rb6 Ra2 55. Rb1 Rxa5 56. Rd1+ Ke3 57. Re1+ Kf4 58. Re2 Ra1+ 59. Kf2 Ra3 60. Rc2 e4 61. fxe4 fxe4 62. Rb2 Rd3 63. Kg1 Rd1+ 64. Kf2 Ra1 65. Re2 Ra3 66. Rc2 Rb3 67. Re2 e3+ 68. Kg1 Rb1+ 69. Kh2 Rd1 70. Rc2 Ke4 71. Rc4+ Kd3 72. Rc8 e2 73. Rd8+ Kc4 74. Rc8+ Kb5 75. Re8 e1=Q 76. Rxe1 Rxe1 77. g3 Re2+ 78. Kg1 hxg3 0-1


[Site "https://www.chess.com"]

[Event "Titled Tuesday Blitz April 4 Early 2023"]
[White "Andreikin, Dmitry"]
[Black "Durarbayli, Vasif"]
[WhiteFideId "4158814"]
[BlackFideId "13402935"]
[WhiteElo "2736"]
[BlackElo "2551"]
[Result "1/2-1/2"]
[Round "06"]
[TimeControl "180+2"]
[Date "2023.04.04"]
[WhiteClock "0:00:07"]
[BlackClock "0:00:06"]

1. Nf3 c5 2. g3 Nc6 3. Bg2 g6 4. c4 Bg7 5. Nc3 e6 6. h4 Nf6 7. d3 d6 8. Rb1 Rb8 9. a3 b6 10. b4 Bb7 11. Bf4 Nd4 12. bxc5 Nxf3+ 13. Bxf3 Bxf3 14. exf3 Nh5 15. Qa4+ Qd7 16. Qxd7+ Kxd7 17. c6+ Kxc6 18. Bd2 Nf6 19. Ke2 Nd7 20. Rhc1 a6 21. Be3 Kc7 22. Ne4 h6 23. d4 f5 24. Nd2 Rhc8 25. f4 Kd8 26. Nf3 Rc7 27. d5 exd5 28. cxd5 Rxc1 29. Rxc1 Nc5 30. h5 gxh5 31. Nh4 Bb2 32. Rh1 Bxa3 33. Nxf5 Nd7 34. Rxh5 Nf6 35. Rxh6 Nxd5 36. Nxd6 b5 37. Ne4 Kc7 38. Rxa6 b4 39. Bc5 Rb5 40. Kd3 Kb7 41. Ra7+ Kc6 42. Kc4 Rxc5+ 43. Nxc5 Nb6+ 44. Kb3 Kxc5 45. f5 Nd5 46. g4 Bc1 47. Rg7 Kd6 48. g5 Ke5 49. f6 Ke6 50. f7 Ke7 51. g6 Bh6 52. Rg8 Nf6 53. g7 Kxf7 54. Rh8 Bxg7 55. Rh4 Bf8 56. Rc4 Ke6 57. f3 Bd6 58. Rc6 Nd5 59. Rc4 Nf6 60. Rxb4 Bxb4 61. Kxb4 Kf5 62. Kc4 Kf4 63. Kd4 Kxf3 1/2-1/2


[Site "https://www.chess.com"]

[Event "Titled Tuesday Blitz April 4 Early 2023"]
[White "Svane, Rasmus"]
[Black "Zakhartsov, Vladimir"]
[WhiteFideId "4657101"]
[BlackFideId "4145097"]
[WhiteElo "2597"]
[BlackElo "2497"]
[Result "1-0"]
[Round "06"]
[TimeControl "180+2"]
[Date "2023.04.04"]
[WhiteClock "0:00:04"]
[BlackClock "0:00:01"]

1. Nf3 c5 2. c4 g6 3. d4 cxd4 4. Nxd4 Nc6 5. e4 Nf6 6. Nc3 d6 7. Nc2 Bg7 8. Be2 Nd7 9. O-O Nc5 10. f3 Bxc3 11. bxc3 O-O 12. Ne3 b6 13. Kh1 Ba6 14. Qe1 Rc8 15. Qh4 f6 16. Ba3 Ne5 17. Rad1 Ne6 18. f4 Nxc4 19. Bxc4 Bxc4 20. Rf3 Rf7 21. Rg3 Rg7 22. f5 Nf8 23. e5 Bxa2 24. exf6 exf6 25. Bxd6 Bb3 26. Rd3 Rc6 27. Qb4 Bf7 28. Ng4 Nd7 29. Be7 Qe8 30. Rge3 gxf5 31. Nxf6+ Nxf6 32. Bxf6 Re6 33. Qf4 Rg6 34. Bd4 Re4 35. Qxf5 Rxe3 36. Rxe3 Qc6 37. Rf3 Qe6 38. Qb1 Qd5 39. h3 h5 40. Qf1 Qc6 41. Rxf7 1-0


[Site "https://www.chess.com"]

[Event "Titled Tuesday Blitz April 4 Early 2023"]
[White "Yeletsky, Ivan"]
[Black "Duda, Jan-Krzysztof"]
[WhiteFideId "24180327"]
[BlackFideId "1170546"]
[WhiteElo "2422"]
[BlackElo "2790"]
[Result "0-1"]
[Round "06"]
[TimeControl "180+2"]
[Date "2023.04.04"]
[WhiteClock "0:00:02"]
[BlackClock "0:00:11"]

1. e4 c5 2. Nf3 d6 3. d4 cxd4 4. Nxd4 Nf6 5. Nc3 a6 6. Rg1 h5 7. h3 e5 8. Nb3 h4 9. g4 hxg3 10. Rxg3 Be6 11. Bg5 Nbd7 12. Qd2 b5 13. a3 Rc8 14. Bd3 Be7 15. O-O-O Nh5 16. Rgg1 Bxg5 17. Rxg5 g6 18. Kb1 Rxc3 19. bxc3 Nf4 20. Rg3 Qc7 21. Bf1 Ke7 22. Rf3 g5 23. Rg3 f6 24. Be2 Nb6 25. Bg4 Nc4 26. Qc1 Bxg4 27. hxg4 Ne2 28. Rh1 Nxa3+ 29. Kb2 Nc4+ 30. Kb1 Nxc1 31. Rxh8 Nxb3 32. Rh7+ Kd8 33. Rh8+ Kd7 34. Rh7+ Kc6 35. Rxc7+ Kxc7 36. cxb3 Nd2+ 37. Kc2 Nxe4 38. Rg2 d5 39. f3 Nc5 40. Rh2 Kd6 41. Rh6 Ke6 42. Rh7 e4 43. b4 Nd7 44. fxe4 dxe4 45. Kd2 Ne5 46. Ke3 Kd5 47. Ra7 Nxg4+ 48. Ke2 f5 49. Rxa6 f4 50. Ra8 f3+ 51. Kd2 e3+ 52. Kd3 f2 53. Rd8+ Kc6 54. Rf8 Nh2 55. Rf6+ Kd7 56. Kxe3 Ng4+ 57. Ke2 Nxf6 58. Kxf2 Ne4+ 0-1


[Site "https://www.chess.com"]

[Event "Titled Tuesday Blitz April 4 Early 2023"]
[White "Costachi, Mihnea"]
[Black "Martinez Alcantara, Jose Eduardo"]
[WhiteFideId "1217518"]
[BlackFideId "3805662"]
[WhiteElo "2456"]
[BlackElo "2711"]
[Result "0-1"]
[Round "06"]
[TimeControl "180+2"]
[Date "2023.04.04"]
[WhiteClock "0:00:08"]
[BlackClock "0:00:20"]

1. d4 Nf6 2. Nc3 d5 3. Bf4 c5 4. e3 cxd4 5. exd4 Bg4 6. Be2 Bxe2 7. Qxe2 a6 8. Nf3 Nc6 9. O-O e6 10. a3 Rc8 11. Rfe1 Bd6 12. Bg5 O-O 13. Qd3 Be7 14. Ne2 Qb6 15. Rab1 Rfe8 16. c3 Qb5 17. Qxb5 axb5 18. Bxf6 Bxf6 19. Nf4 Na5 20. Nd3 Be7 21. Nfe5 Bd6 22. f4 Nc4 23. Nxc4 bxc4 24. Ne5 f6 25. Nd7 Re7 26. Nc5 b6 27. Nxe6 g6 28. g4 h5 29. gxh5 Rce8 30. hxg6 Rxe6 31. Rxe6 Rxe6 32. b3 Bxf4 33. bxc4 dxc4 34. Rb4 Rc6 35. d5 Rd6 36. Rxc4 Be5 37. Rc7 Rxd5 38. Rb7 Bxc3 39. Kf2 Rg5 40. Ke3 Rxg6 41. Rxb6 Rh6 42. Rb7 Rxh2 43. a4 Ra2 44. Ra7 Bb4 45. Ke4 Bc5 46. Ra6 Kf7 47. Kf5 Rf2+ 48. Ke4 Ra2 49. Kf5 Be7 50. Ra7 Rf2+ 51. Ke4 Ke6 52. Ra6+ Bd6 53. Ra8 f5+ 54. Ke3 Ra2 55. Kd3 Kd5 56. a5 Ra3+ 57. Ke2 f4 58. a6 Ke4 59. a7 Be5 60. Kf2 Ra2+ 61. Kf1 f3 62. Ke1 Ke3 63. Re8 Ra1# 0-1


[Site "https://www.chess.com"]

[Event "Titled Tuesday Blitz April 4 Early 2023"]
[White "Rasulov, Vugar"]
[Black "Kozak, Antoni"]
[WhiteFideId "13402390"]
[BlackFideId "21832030"]
[WhiteElo "2509"]
[BlackElo "2470"]
[Result "1-0"]
[Round "06"]
[TimeControl "180+2"]
[Date "2023.04.04"]
[WhiteClock "0:01:39"]
[BlackClock "0:00:48"]

1. d4 d5 2. c4 e6 3. Nc3 Nf6 4. Bg5 dxc4 5. e3 Be7 6. Bxc4 O-O 7. Nf3 b6 8. Qc2 Bb7 9. O-O-O Nc6 10. a3 a6 11. Bd3 h6 12. h4 b5 13. Ne4 Nxe4 14. Bxe4 Na5 15. Ne5 Bxe4 16. Qxe4 f5 17. Bxe7 Qxe7 18. Qc2 Rfc8 19. g4 c5 20. d5 exd5 21. Ng6 Qf6 22. Qxf5 Rc6 23. Qxd5+ Kh7 24. Ne5 Rcc8 25. g5 Qf5 26. g6+ Kh8 27. Nf7+ 1-0


[Site "https://www.chess.com"]

[Event "Titled Tuesday Blitz April 4 Early 2023"]
[White "Hakobyan, Aram"]
[Black "Zhao, Jun"]
[WhiteFideId "13306677"]
[BlackFideId "8602522"]
[WhiteElo "2584"]
[BlackElo "2547"]
[Result "1-0"]
[Round "06"]
[TimeControl "180+2"]
[Date "2023.04.04"]
[WhiteClock "0:00:20"]
[BlackClock "0:00:02"]

1. d4 d5 2. c4 e6 3. Nf3 Nf6 4. Nc3 Bb4 5. Qa4+ Nc6 6. a3 Bxc3+ 7. bxc3 Ne4 8. Bf4 Nxc3 9. Qc2 Ne4 10. e3 O-O 11. Bd3 f5 12. h4 Bd7 13. O-O-O a6 14. Ne5 Nxe5 15. Bxe5 Nd6 16. c5 Nf7 17. Bf4 Bb5 18. h5 Qe7 19. Qb2 Bxd3 20. Rxd3 b5 21. Rg1 c6 22. g4 fxg4 23. Rxg4 Rae8 24. e4 e5 25. Bd2 dxe4 26. Rdg3 Qf6 27. Bc3 Kh8 28. dxe5 Qe6 29. Rxg7 Nh6 30. R7g6 hxg6 31. Rxg6 Kh7 32. Rxe6 Rxe6 33. Qd2 Rf7 34. Qa2 Rfe7 35. Qe2 Nf5 36. Qxe4 Rf7 37. f4 Kg8 38. Qd3 Kh7 39. Kb1 Kg8 40. Ka2 Kh7 41. Bb2 Kg8 42. Qb3 Rfe7 43. h6 Kh7 44. Qh3 Rf7 45. Qh5 Rg6 46. Qe2 Re7 47. Qd3 Rf7 48. Qb3 Re7 49. Qc2 Rf7 50. Qe4 Re6 51. Qd3 Kxh6 52. Qh3+ Kg6 53. Bc3 Kg7 54. Ba5 Kg8 55. Bd8 Ng7 56. Bf6 Rexf6 57. exf6 Rxf6 58. Qc8+ Kh7 59. Qxa6 Kg6 60. Qc8 Nh5 61. Qg4+ Kh6 62. Qg5+ 1-0


[Site "https://www.chess.com"]

[Event "Titled Tuesday Blitz April 4 Early 2023"]
[White "Lenderman, Aleksandr"]
[Black "Gokerkan, Cem Kaan"]
[WhiteFideId "2021285"]
[BlackFideId "6336760"]
[WhiteElo "2607"]
[BlackElo "2365"]
[Result "1-0"]
[Round "06"]
[TimeControl "180+2"]
[Date "2023.04.04"]
[WhiteClock "0:01:12"]
[BlackClock "0:00:04"]

1. Nf3 g6 2. e4 Bg7 3. d4 d6 4. Bc4 Nf6 5. Qe2 O-O 6. O-O Bg4 7. h3 Bxf3 8. Qxf3 Nc6 9. c3 e5 10. Rd1 Qe7 11. d5 Nb8 12. Bf1 Nbd7 13. c4 Nh5 14. Nc3 a6 15. g3 Kh8 16. h4 Nhf6 17. Be3 Ng8 18. h5 Bh6 19. Bh3 Bxe3 20. Qxe3 Kg7 21. Kg2 f5 22. hxg6 hxg6 23. Rh1 f4 24. Qd2 Nh6 25. Bxd7 Qxd7 26. f3 Qe7 27. Ne2 b5 28. gxf4 exf4 29. Nd4 Rf6 30. Ne6+ Rxe6 31. dxe6 Qg5+ 32. Kf1 bxc4 33. Qd4+ Kg8 34. Ke2 Qg2+ 35. Qf2 Qxf2+ 36. Kxf2 Kg7 37. Rh4 Re8 38. Rah1 Ng8 39. Rh7+ Kf6 40. Rxc7 Rxe6 41. Rh8 Ne7 42. Rf8+ Ke5 43. Re8 Kf6 44. Rxc4 Kf7 45. Rd8 g5 46. Rd4 Nc6 47. Rd7+ Ke8 48. R4xd6 Re5 49. Rh7 Ne7 50. Rxa6 Rb5 51. Ra8+ Kd7 52. Ra7+ Rb7 53. Rxb7+ Kd6 54. Rhxe7 g4 55. fxg4 f3 56. Kxf3 Kc5 57. Red7 Kc4 58. e5 1-0


[Site "https://www.chess.com"]

[Event "Titled Tuesday Blitz April 4 Early 2023"]
[White "Kilic, Eray"]
[Black "Movahed, Sina"]
[WhiteFideId "44517173"]
[BlackFideId "42520835"]
[WhiteElo "2328"]
[BlackElo "2225"]
[Result "1-0"]
[Round "06"]
[TimeControl "180+2"]
[Date "2023.04.04"]
[WhiteClock "0:00:13"]
[BlackClock "0:00:03"]

1. d4 Nf6 2. Nc3 d5 3. Bf4 g6 4. e3 Bg7 5. Nb5 Na6 6. h3 O-O 7. Nf3 c6 8. Nc3 Nc7 9. Bd3 a5 10. Qe2 b5 11. O-O b4 12. Na4 Nd7 13. Rfd1 Ne6 14. Bh2 c5 15. Bb5 cxd4 16. exd4 Nb6 17. c3 Nxa4 18. Bxa4 bxc3 19. bxc3 Ba6 20. Qe1 Rc8 21. Ne5 Bf6 22. Nd7 Bg7 23. Nxf8 Nxf8 24. Be5 Bh6 25. Rab1 Ne6 26. Rb2 Bc4 27. Bb3 f6 28. Bxc4 Rxc4 29. Bxf6 Kf7 30. Be5 Qc8 31. Rd3 Ng5 32. h4 Ne4 33. Rf3+ Ke6 34. Rb6+ Rc6 35. Rb8 Qa6 36. Bf4 Bg7 37. Re3 Kf5 38. Be5 Bxe5 39. dxe5 Ke6 40. f3 Nc5 41. Qg3 Qc4 42. Qh3+ Kf7 43. h5 1-0


[Site "https://www.chess.com"]

[Event "Titled Tuesday Blitz April 4 Early 2023"]
[White "Hovhannisyan, Robert"]
[Black "Flores, Diego"]
[WhiteFideId "13302507"]
[BlackFideId "108049"]
[WhiteElo "2570"]
[BlackElo "2613"]
[Result "0-1"]
[Round "06"]
[TimeControl "180+2"]
[Date "2023.04.04"]
[WhiteClock "0:00:01"]
[BlackClock "0:00:18"]

1. e4 c5 2. Nf3 e6 3. g3 Nc6 4. Bg2 Nf6 5. Qe2 d6 6. O-O Be7 7. e5 dxe5 8. Nxe5 Nd4 9. Qd1 Nd7 10. Nc4 Nb6 11. d3 O-O 12. a4 Nxc4 13. dxc4 Nc6 14. Nc3 Na5 15. b3 Bf6 16. Bb2 Bd7 17. Qe2 Bc6 18. Rad1 Qe7 19. Rd3 Bxg2 20. Kxg2 Nc6 21. Rfd1 Rad8 22. Qe4 Rxd3 23. Rxd3 Rd8 24. Nd1 Bd4 25. Bxd4 cxd4 26. c3 f5 27. Qe2 e5 28. Rd2 Qe6 29. Kg1 e4 30. Qf1 Ne5 31. Kh1 Nf3 32. Ra2 d3 33. Ne3 Qh6 34. h4 Qe6 35. Ra1 d2 36. Rd1 Rd3 37. Qh3 g6 38. Nd5 Qe5 39. h5 Kg7 40. hxg6 hxg6 41. Kg2 Ne1+ 0-1


[Site "https://www.chess.com"]

[Event "Titled Tuesday Blitz April 4 Early 2023"]
[White "Horvath, Dominik"]
[Black "Gurel, Ediz"]
[WhiteFideId "1642561"]
[BlackFideId "44507356"]
[WhiteElo "2407"]
[BlackElo "2352"]
[Result "0-1"]
[Round "06"]
[TimeControl "180+2"]
[Date "2023.04.04"]
[WhiteClock "0:00:06"]
[BlackClock "0:00:04"]

1. e4 c5 2. Nf3 e6 3. d4 cxd4 4. Nxd4 Nc6 5. Nc3 Qc7 6. Ncb5 Qb8 7. Bd3 a6 8. Nxc6 bxc6 9. Nd4 Nf6 10. O-O Be7 11. Re1 c5 12. Nf3 d6 13. e5 dxe5 14. Nxe5 Bb7 15. Bf4 Qc8 16. Nc4 O-O 17. Bf1 Qc6 18. Na5 Qb6 19. Nxb7 Qxb7 20. Be5 Rfd8 21. Qe2 Nd7 22. Bc3 Bf6 23. Bxf6 Nxf6 24. b3 a5 25. g3 Qb4 26. Red1 Qc3 27. Qc4 Qe5 28. Bg2 Rab8 29. Qa6 Qc3 30. Qe2 h5 31. h4 Rd4 32. Bf1 Rbd8 33. Rxd4 Rxd4 34. Rd1 Ng4 35. Rxd4 Qxd4 36. Qe1 Ne5 37. Bg2 Ng4 38. Bf1 Qb2 39. Qxa5 Qd4 40. Qe1 Ne5 41. Bg2 c4 42. b4 c3 43. b5 Ng4 44. a4 Qxa4 45. b6 Qxc2 46. b7 Qb2 47. Be4 c2 48. Bxc2 Qxb7 49. Be4 Qb5 50. Qc3 Qd7 51. Bf3 Nf6 52. Kg2 Kh7 53. Qc2+ Kg8 54. Qc3 Qe7 55. Qe5 g6 56. Qg5 Kg7 57. Qc1 e5 58. Qc3 Qd6 59. Qb2 Qd4 60. Qxd4 exd4 61. Kf1 Nd7 62. Ke2 Kf6 63. Bd5 Nc5 64. Kd2 Ke7 65. Ke2 f6 66. Bc4 g5 67. Bg8 gxh4 68. gxh4 f5 69. Bc4 Kf6 70. f4 Ke7 71. Kf3 Kd6 72. Ke2 Ke7 73. Kf3 Ne6 74. Bd3 Kf6 75. Bc4 Nf8 76. Bd3 Ng6 77. Kg3 Ke6 78. Be2 Ne7 79. Bxh5 Nd5 80. Be2 Nc3 81. Bd3 Kf6 82. Kf3 Nd5 83. h5 Ne7 84. h6 Kg6 85. Bc4 Kxh6 86. Ke2 Kh5 87. Kd3 Kg4 88. Be6 Nc6 89. Bd5 Nb4+ 0-1


[Site "https://www.chess.com"]

[Event "Titled Tuesday Blitz April 4 Early 2023"]
[White "Drygalov, Andrey"]
[Black "Cherniaiev, Tykhon"]
[WhiteFideId "24171735"]
[BlackFideId "14182360"]
[WhiteElo "2466"]
[BlackElo "2450"]
[Result "1-0"]
[Round "06"]
[TimeControl "180+2"]
[Date "2023.04.04"]
[WhiteClock "0:00:06"]
[BlackClock "0:00:02"]

1. e4 e5 2. Nf3 Nc6 3. Bc4 Nf6 4. d3 Bc5 5. O-O O-O 6. Re1 d6 7. c3 a6 8. a4 Ba7 9. Nbd2 Na5 10. Ba2 Be6 11. Bxe6 fxe6 12. Nf1 c5 13. Ng3 Qd7 14. h3 Nc6 15. Be3 h6 16. d4 cxd4 17. cxd4 exd4 18. Nxd4 Nxd4 19. Bxd4 Bxd4 20. Qxd4 Rac8 21. Rad1 Rfd8 22. Qb4 Qc6 23. Rd2 b5 24. Red1 bxa4 25. Rxd6 Rxd6 26. Rxd6 Qc1+ 27. Kh2 Qf4 28. Qd2 Qxd2 29. Rxd2 Rb8 30. f3 Rb4 31. Ne2 Kf7 32. Nd4 Rc4 33. b3 axb3 34. Nxb3 Ke7 35. Ra2 Rc6 36. Na5 Rb6 37. Nc4 Rc6 38. Ne5 Rb6 39. Rc2 Ne8 40. Kg3 Rb5 41. Ng6+ Kf7 42. Nf4 a5 43. Nd3 a4 44. Ra2 Ra5 45. Nb2 Nf6 46. Rxa4 Rb5 47. Nd3 Rb3 48. Ne5+ Kg8 49. Ra8+ Kh7 50. Ra7 Nxe4+ 51. Kh2 Nf6 52. Ra6 Re3 53. Rxe6 Nd7 54. f4 Nc5 55. Re7 Nd3 56. g3 Re2+ 57. Kg1 Re1+ 58. Kg2 Nc5 59. Kf2 Re4 60. Kf3 Re2 61. Kxe2 Ne4 62. Kf3 Nf6 63. Ra7 Nd5 64. g4 1-0


[Site "https://www.chess.com"]

[Event "Titled Tuesday Blitz April 4 Early 2023"]
[White "Vakhlamov, Igor L."]
[Black "Yanchenko, Roman"]
[WhiteFideId "24126748"]
[BlackFideId "4137329"]
[WhiteElo "2400"]
[BlackElo "2491"]
[Result "0-1"]
[Round "06"]
[TimeControl "180+2"]
[Date "2023.04.04"]
[WhiteClock "0:00:02"]
[BlackClock "0:00:04"]

1. e4 e6 2. d4 d5 3. Nc3 Bb4 4. exd5 exd5 5. Bd3 Nf6 6. Nf3 O-O 7. O-O h6 8. Ne2 Bd6 9. Ng3 Re8 10. Re1 Nc6 11. c3 Bg4 12. Bd2 Rxe1+ 13. Bxe1 Qd7 14. h3 Be6 15. Bd2 Re8 16. Qc2 Bxg3 17. fxg3 Ne4 18. g4 h5 19. gxh5 Bxh3 20. Bf4 Bg4 21. h6 Qf5 22. Bxc7 Bxf3 23. gxf3 Qxf3 24. Rf1 Qe3+ 25. Kg2 Re6 26. Bf4 Rg6+ 27. Kh2 Rxh6+ 28. Bxh6 Qxh6+ 29. Kg2 Qg5+ 30. Kh2 Qh4+ 31. Kg2 Qg4+ 32. Kh2 Qg3+ 33. Kh1 Qh3+ 34. Kg1 Qe3+ 35. Kg2 Qg5+ 36. Kh2 Qh5+ 37. Kg2 Qg4+ 38. Kh2 Ne7 39. Bxe4 Qh4+ 40. Kg1 dxe4 41. Qf2 Qg4+ 42. Qg2 Qh4 43. Qh2 Qg5+ 44. Kh1 f5 45. Rg1 Qe3 46. Qb8+ Kf7 47. Qe5 Qh3+ 48. Qh2 Qxh2+ 49. Kxh2 Nd5 50. Kg3 g5 51. c4 Nf6 52. d5 f4+ 53. Kf2 g4 54. d6 g3+ 55. Ke2 Ke6 56. c5 Ng4 57. Rd1 f3+ 58. Ke1 Kd7 59. Kd2 g2 60. c6+ bxc6 0-1


[Site "https://www.chess.com"]

[Event "Titled Tuesday Blitz April 4 Early 2023"]
[White "Csonka, Balazs"]
[Black "Ashraf, Artin"]
[WhiteFideId "742910"]
[BlackFideId "22514805"]
[WhiteElo "2404"]
[BlackElo "2188"]
[Result "1-0"]
[Round "06"]
[TimeControl "180+2"]
[Date "2023.04.04"]
[WhiteClock "0:00:03"]
[BlackClock "0:00:03"]

1. e4 c5 2. Nf3 d6 3. Bb5+ Bd7 4. Bxd7+ Qxd7 5. O-O Nc6 6. c3 Nf6 7. Qe2 e6 8. d4 cxd4 9. cxd4 d5 10. e5 Ne4 11. Nbd2 Nxd2 12. Bxd2 Be7 13. Rfe1 O-O 14. h4 Rfc8 15. h5 Qd8 16. h6 g6 17. Rac1 Qb6 18. Bc3 Qa6 19. Qxa6 bxa6 20. Re2 Nb4 21. Ra1 Rab8 22. a3 Nc6 23. g4 a5 24. Kf1 a4 25. Ke1 Bf8 26. g5 Ne7 27. Rc2 Nf5 28. Rac1 Rb3 29. Nd2 Rb5 30. Ke2 Be7 31. f4 Kf8 32. Nf3 Ke8 33. Bd2 Rcb8 34. Rc8+ Rxc8 35. Rxc8+ Kd7 36. Rc2 Rb3 37. Bc3 Ng3+ 38. Kd3 Nf5 39. Nd2 Rb7 40. Ba5 Ng3 41. Ke3 Bd8 42. Bxd8 Kxd8 43. Kd3 Nh5 44. Ke3 Ng3 45. Kd3 Nf5 46. Rc5 Rxb2 47. Ra5 Rb7 48. Rxa4 Kc7 49. Kc3 Kc6 50. Nb3 Kb6 51. Nc5 Rc7 52. Kb4 a5+ 53. Rxa5 Ra7 54. Rb5+ Kc6 55. Nb3 Ne3 56. Rc5+ Kd7 57. a4 Rb7+ 58. Rb5 Rc7 59. Nc5+ Ke7 60. a5 Nc2+ 61. Kc3 Na3 62. Rb3 Nc4 63. a6 Kd8 64. Rb8+ Ke7 65. Rb7 Kd8 66. a7 Rc8 67. Rb8 Nb6 68. Rxb6 1-0


[Site "https://www.chess.com"]

[Event "Titled Tuesday Blitz April 4 Early 2023"]
[White "Thomforde-Toates, Noah"]
[Black "Samsonkin, Artiom"]
[WhiteFideId "30951992"]
[BlackFideId "13503111"]
[WhiteElo "2681"]
[BlackElo "2524"]
[Result "1-0"]
[Round "06"]
[TimeControl "180+2"]
[Date "2023.04.04"]
[WhiteClock "0:00:04"]
[BlackClock "0:00:04"]

1. e4 e6 2. d4 d5 3. Nd2 dxe4 4. Nxe4 Bd7 5. Nf3 Bc6 6. Ng3 Nd7 7. Bd3 Ngf6 8. Be3 Be7 9. Qe2 O-O 10. Ne5 Bd5 11. O-O c5 12. c4 Bc6 13. Nxc6 bxc6 14. Rfd1 Qb6 15. b3 cxd4 16. Bxd4 Bc5 17. Bc3 a5 18. Rab1 Rad8 19. Bc2 Rfe8 20. Kf1 e5 21. f3 Bd4 22. Qe1 Bxc3 23. Qxc3 h5 24. Nf5 Nf8 25. Rxd8 Qxd8 26. Rd1 Qc7 27. Be4 Nxe4 28. fxe4 Ng6 29. Nd6 Re6 30. c5 h4 31. Nc4 Qe7 32. Ne3 Qg5 33. Nf5 Nf4 34. g3 g6 35. Nxh4 Rf6 36. gxf4 Rxf4+ 37. Nf3 Qg4 38. Rd8+ Kh7 39. Rd3 Qh3+ 40. Ke2 Qg2+ 41. Kd1 Qf1+ 42. Kc2 Rg4 43. Nxe5 Rg2+ 44. Rd2 Rg1 45. Qb2 Qf4 46. Re2 Qf1 47. Kd3 Qd1+ 48. Rd2 Qf1+ 49. Kc3 Qf4 50. Nd3 Qe3 51. Kc2 Qxe4 52. Qe5 Rg2 53. Qxe4 Rxd2+ 54. Kxd2 1-0


[Site "https://www.chess.com"]

[Event "Titled Tuesday Blitz April 4 Early 2023"]
[White "Antal, Gergely"]
[Black "Corrales Jimenez, Fidel"]
[WhiteFideId "717312"]
[BlackFideId "3506690"]
[WhiteElo "2471"]
[BlackElo "2541"]
[Result "0-1"]
[Round "06"]
[TimeControl "180+2"]
[Date "2023.04.04"]
[WhiteClock "0:00:05"]
[BlackClock "0:00:07"]

1. e4 d5 2. exd5 Qxd5 3. Nf3 Nf6 4. Be2 c5 5. O-O Nc6 6. h3 e5 7. Nc3 Qd6 8. Re1 Be7 9. Bb5 Nd7 10. Bxc6 bxc6 11. d3 f6 12. b3 O-O 13. a4 Re8 14. Ba3 Bf8 15. Qd2 Qe6 16. Qe3 h6 17. Nd2 f5 18. Nc4 Ba6 19. f4 Bxc4 20. bxc4 Qf6 21. fxe5 Rxe5 22. Qd2 Rae8 23. Bb2 Qh4 24. Rxe5 Nxe5 25. Rf1 g6 26. Ne2 Bg7 27. Nf4 Qg5 28. Bc1 Nf7 29. Kh1 Qg3 30. Ne2 Qe5 31. Nf4 g5 32. Nh5 Bh8 33. Qf2 f4 34. Qf3 Qe2 35. Qxc6 Qxf1+ 36. Kh2 Qe1 37. Qg6+ Kf8 38. Ba3 Qe5 39. Qc6 f3+ 40. Ng3 Re6 41. Bxc5+ Kg7 42. Qc8 Re8 43. Qc6 fxg2 44. Bd4 g1=Q+ 45. Bxg1 Kh7 46. d4 Qe6 47. Qf3 Kg8 48. c5 Qc4 49. c3 Qa2+ 50. Bf2 Qe6 51. c6 Rd8 52. Nh5 Bg7 53. Ng3 Bf8 54. Nf5 Bd6+ 55. Kg2 Bf4 56. d5 Qxf5 57. c4 Ne5 58. c7 Rc8 59. d6 Nxf3 0-1


[Site "https://www.chess.com"]

[Event "Titled Tuesday Blitz April 4 Early 2023"]
[White "Moroni, Luca Jr"]
[Black "Domingo Nunez, Ruben"]
[WhiteFideId "865834"]
[BlackFideId "22245570"]
[WhiteElo "2569"]
[BlackElo "2404"]
[Result "1-0"]
[Round "06"]
[TimeControl "180+2"]
[Date "2023.04.04"]
[WhiteClock "0:01:19"]
[BlackClock "0:00:37"]

1. d4 g6 2. e4 Bg7 3. Nc3 c6 4. h3 d5 5. e5 f6 6. Nf3 Nh6 7. Bf4 Nf7 8. exf6 exf6 9. Qd2 Bf5 10. O-O-O g5 11. Re1+ Kf8 12. Bh2 h5 13. Bd3 Qd7 14. Kb1 Bh6 15. Qd1 Kg7 16. Bxf5 Qxf5 17. Re7 b6 18. g4 hxg4 19. hxg4 Qc8 20. Ne5 fxe5 21. Bxe5+ Kf8 22. Rxf7+ Kxf7 23. Qf3+ Ke7 24. Qf6+ Kd7 25. Qf7+ Kd8 26. Bf6# 1-0


[Site "https://www.chess.com"]

[Event "Titled Tuesday Blitz April 4 Early 2023"]
[White "Danielyan, Vahe"]
[Black "Bachmann, Axel"]
[WhiteFideId "13304828"]
[BlackFideId "3700488"]
[WhiteElo "2423"]
[BlackElo "2605"]
[Result "0-1"]
[Round "06"]
[TimeControl "180+2"]
[Date "2023.04.04"]
[WhiteClock "0:00:57"]
[BlackClock "0:00:07"]

1. e4 e5 2. Nf3 Nf6 3. d4 Nxe4 4. Bd3 d5 5. Nxe5 Nd7 6. Nxd7 Bxd7 7. O-O Bd6 8. Nd2 f5 9. c4 c6 10. Qb3 Qb6 11. c5 Qxb3 12. axb3 Bc7 13. f3 Ng5 14. b4 O-O 15. Nb3 Ne6 16. Re1 a6 17. Bd2 Rae8 18. g3 f4 19. g4 Ng5 20. Kg2 h5 21. h3 hxg4 22. hxg4 Bxg4 23. fxg4 f3+ 24. Kf1 Ne4 25. Bxe4 dxe4 26. Kf2 Bf4 27. Be3 Bxe3+ 28. Rxe3 Rf4 29. Rae1 Rxg4 30. Rxf3 Re6 31. Nd2 Rh4 32. Rg3 e3+ 33. Rexe3 Rf6+ 34. Ke2 Rxd4 35. Re7 Rxb4 36. Rgxg7+ Kf8 37. Rxb7 Re6+ 38. Kd3 Rb5 39. Rxb5 axb5 40. Nb3 Kxg7 41. Nd4 Rf6 42. Ke4 Kf7 43. Ke5 Rh6 44. b4 Rh4 45. Nf5 Rxb4 46. Nd6+ Ke7 47. Nc8+ Kd7 48. Nd6 Rb1 49. Nf5 Re1+ 50. Kd4 Rd1+ 51. Ke5 Rd5+ 52. Ke4 Rxc5 53. Nd4 Rc4 54. Kd3 Rxd4+ 55. Kxd4 Kd6 0-1


[Site "https://www.chess.com"]

[Event "Titled Tuesday Blitz April 4 Early 2023"]
[White "Belov, Alexei"]
[Black "Pakleza, Zbigniew"]
[WhiteFideId "4128206"]
[BlackFideId "1119290"]
[WhiteElo "2632"]
[BlackElo "2410"]
[Result "0-1"]
[Round "06"]
[TimeControl "180+2"]
[Date "2023.04.04"]
[WhiteClock "0:01:42"]
[BlackClock "0:00:42"]

1. e4 d6 2. d4 Nf6 3. Nc3 c6 4. a4 Nbd7 5. Nf3 e5 6. Bc4 Be7 7. O-O O-O 8. Ba2 a5 9. Qe2 h6 10. Rd1 Qc7 11. Nh4 exd4 12. Rxd4 Re8 13. Rd1 Bf8 14. Ng6 d5 15. Nxf8 Nxf8 16. f3 Bf5 17. Qf2 dxe4 18. fxe4 Bxe4 19. Bxh6 Ng4 20. Qd4 Qxh2+ 21. Kf1 Bxg2# 0-1


[Site "https://www.chess.com"]

[Event "Titled Tuesday Blitz April 4 Early 2023"]
[White "Milikow, Yoav"]
[Black "Atanasov, Anthony"]
[WhiteFideId "2822237"]
[BlackFideId "2623897"]
[WhiteElo "2410"]
[BlackElo "2326"]
[Result "1-0"]
[Round "06"]
[TimeControl "180+2"]
[Date "2023.04.04"]
[WhiteClock "0:00:49"]
[BlackClock "0:00:01"]

1. d4 Nf6 2. c4 e6 3. Nc3 d5 4. Nf3 c5 5. cxd5 cxd4 6. Qa4+ Bd7 7. Qxd4 exd5 8. Nxd5 Qa5+ 9. Nc3 Nc6 10. Qd1 Ne4 11. Qd5 Qxd5 12. Nxd5 O-O-O 13. a3 Be6 14. Nc3 Bb4 15. Bd2 Nxd2 16. Nxd2 Nd4 17. Rc1 Ba5 18. e3 Rhe8 19. b4 Bc7 20. exd4 Rxd4 21. Be2 Bc4 22. Nxc4 Rxc4 23. O-O Rxc3 24. Bg4+ f5 25. Bxf5+ 1-0


[Site "https://www.chess.com"]